APP
HELENA BREWERS @ CHICAGO (APP) CUBS
09/16/2047
 
TOP OF THE 1ST
Helena Brewers batting - Pitching for Chicago (APP) Cubs : RHP Rob Craft
Pitching: RHP Rob Craft
Batting: RHB Wiliama Dana 0-0: Ball
1-0: Foul Ball, location: 2F
1-1: Ball
2-1: Foul Ball, location: 2F
2-2: SOLO HOME RUN (Flyball, 78XD, EV 108.8 MPH), Distance : 443 ft
Batting: RHB Steve Errico 0-0: Called Strike
0-1: Ball
1-1: Foul Ball, location: 2F
1-2: Ball
2-2: Strikes out looking
Batting: LHB Greg Reedy 0-0: Ball
1-0: Ball
2-0: Called Strike
2-1: DOUBLE (Line Drive, 9LS, EV 91.2 MPH)
Batting: RHB Jeremy Harden 0-0: Ball
1-0: Foul Ball, location: 2F
1-1: Fly out, F9 (Flyball, 89M, EV 93.1 MPH)
Batting: LHB Steven Donovan 0-0: SINGLE (Flyball, 56D, EV 94.4 MPH)
Greg Reedy to third
Batting: RHB Tony Beaumond 0-0: Called Strike
0-1: Fly out, F9 (Line Drive, 9D, EV 86.2 MPH)
Top of the 1st over - 1 run, 3 hits, 0 errors, 2 left on base; Helena 1 - Chicago (APP) 0
BOTTOM OF THE 1ST
Chicago (APP) Cubs batting - Pitching for Helena Brewers : RHP Matysh Ekmalyan
Pitching: RHP Matysh Ekmalyan
Batting: RHB Adrian Cox 0-0: Ball
1-0: Called Strike
1-1: Called Strike
1-2: Strikes out swinging
Batting: RHB Dave de Wolff 0-0: Ball
1-0: Ball
2-0: Swinging Strike
2-1: Swinging Strike
2-2: Foul Ball, location: 2F
2-2: Foul Ball, location: 2F
2-2: Foul Ball, location: 2F
2-2: Ball
3-2: Strikes out swinging
Batting: RHB Mike Stein 0-0: Called Strike
0-1: Foul Ball, location: 2F
0-2: Ball
1-2: Strikes out swinging
Bottom of the 1st over - 0 runs, 0 hits, 0 errors, 0 left on base; Helena 1 - Chicago (APP) 0
TOP OF THE 2ND
Helena Brewers batting - Pitching for Chicago (APP) Cubs : RHP Rob Craft
Batting: LHB Dusty Bryant 0-0: DOUBLE (Flyball, 89XD, EV 93.8 MPH)
Batting: RHB Chris Fruit 0-0: Ball
1-0: SINGLE (Line Drive, 6D, EV 101.9 MPH)
Dusty Bryant to third
Batting: LHB Jose Simental 0-0: Fly out, F9 (Flyball, 9D, EV 106.2 MPH)
Runner from 3rd tags up, SCORES, no throw by RF
Batting: RHB Wiliama Dana 0-0: Called Strike
0-1: Swinging Strike
0-2: Fly out, F9 (Flyball, 89S, EV 93.1 MPH)
Batting: RHB Steve Errico 0-0: Ball
1-0: Foul Ball, location: 2F
1-1: Ball
2-1: Foul Ball, location: 2F
2-2: Fly out, F8 (Flyball, 8LD, EV 85.6 MPH)
Top of the 2nd over - 1 run, 2 hits, 0 errors, 1 left on base; Helena 2 - Chicago (APP) 0
BOTTOM OF THE 2ND
Chicago (APP) Cubs batting - Pitching for Helena Brewers : RHP Matysh Ekmalyan
Batting: RHB Dustin Goldsborough 0-0: Foul Ball, location: 2F
0-1: Foul Ball, location: 2F
0-2: Strikes out looking
Batting: RHB Andy Baumhardt 0-0: Ball
1-0: Called Strike
1-1: Ball
2-1: Foul Ball, location: 2F
2-2: Foul Ball, location: 2F
2-2: Strikes out swinging
Batting: LHB Tom Mooney 0-0: Called Strike
0-1: Ball
1-1: Foul Ball, location: 2F
1-2: Foul Ball, location: 2F
1-2: Ball
2-2: Ball
3-2: Foul Ball, location: 2F
3-2: Strikes out swinging
Bottom of the 2nd over - 0 runs, 0 hits, 0 errors, 0 left on base; Helena 2 - Chicago (APP) 0
TOP OF THE 3RD
Helena Brewers batting - Pitching for Chicago (APP) Cubs : RHP Rob Craft
Batting: LHB Greg Reedy 0-0: Ball
1-0: Ball
2-0: Called Strike
2-1: Ball
3-1: SOLO HOME RUN (Line Drive, 9LD, EV 100.0 MPH), Distance : 364 ft
Batting: RHB Jeremy Harden 0-0: Ground out 5-3 (Groundball, 56, EV 108.1 MPH)
Batting: LHB Steven Donovan 0-0: Called Strike
0-1: Foul Ball, location: 2F
0-2: Strikes out swinging
Batting: RHB Tony Beaumond 0-0: Ball
1-0: SINGLE (Groundball, 6MD, EV 105.0 MPH)
Batting: LHB Dusty Bryant 0-0: Ball
1-0: Ball
2-0: Swinging Strike
2-1: Foul Ball, location: 2F
2-2: Foul Ball, location: 2F
2-2: Strikes out swinging
Top of the 3rd over - 1 run, 2 hits, 0 errors, 1 left on base; Helena 3 - Chicago (APP) 0
BOTTOM OF THE 3RD
Chicago (APP) Cubs batting - Pitching for Helena Brewers : RHP Matysh Ekmalyan
Batting: LHB Jerry Tyson 0-0: Foul Ball, location: 2F
0-1: Ground out U3 (Groundball, 3, EV 89.4 MPH)
Batting: RHB Roberto Cruz 0-0: Ball
1-0: Foul Ball, location: 2F
1-1: Swinging Strike
1-2: Foul Ball, location: 2F
1-2: Ball
2-2: Ball
3-2: Ground out 5-3 (Groundball, 56, EV 85.6 MPH)
Batting: RHB Jorge Gonzalez 0-0: Called Strike
0-1: Foul Ball, location: 2F
0-2: Ball
1-2: Ball
2-2: Ball
3-2: Strikes out looking
Bottom of the 3rd over - 0 runs, 0 hits, 0 errors, 0 left on base; Helena 3 - Chicago (APP) 0
TOP OF THE 4TH
Helena Brewers batting - Pitching for Chicago (APP) Cubs : RHP Rob Craft
Batting: RHB Chris Fruit 0-0: Called Strike
0-1: Foul Ball, location: 2F
0-2: Foul Ball, location: 2F
0-2: Ball
1-2: Foul Ball, location: 2F
1-2: Reached on error, E4 (Groundball, 4, EV 103.8 MPH)
Batting: LHB Jose Simental 0-0: Ball
1-0: Ball
2-0: Ball
3-0: Base on Balls
Chris Fruit to second
Batting: RHB Wiliama Dana 0-0: Called Strike
0-1: Ball
Wild Pitch!
Chris Fruit to third
Jose Simental to second
1-1: Ball
2-1: Ground out 4-3 (Groundball, 4S, EV 83.1 MPH)
Chris Fruit scores
Jose Simental to third
Batting: RHB Steve Errico 0-0: Ball
1-0: Ball
2-0: Ball
3-0: Called Strike
3-1: Base on Balls
Batting: LHB Greg Reedy 0-0: Ball
Steve Errico steals 2nd base
1-0: Foul Ball, location: 2F
1-1: Foul Ball, location: 5F, Error on foul ball, E5
1-2: Ball
2-2: Strikes out looking
Batting: RHB Jeremy Harden 0-0: Called Strike
0-1: DOUBLE (Line Drive, 7LS, EV 107.5 MPH)
Jose Simental scores
Steve Errico scores
Batting: LHB Steven Donovan 0-0: Ball
1-0: Called Strike
1-1: Ball
2-1: Ball
Wild Pitch!
Jeremy Harden to third
3-1: Foul Ball, location: 2F
3-2: Foul Ball, location: 2F
3-2: Base on Balls
Batting: RHB Tony Beaumond 0-0: Ball
1-0: DOUBLE (Groundball, 5L, EV 101.9 MPH)
Jeremy Harden scores
Steven Donovan to third
Runner from 3rd tries for Home, SAFE, throw by LF to home
Batting: LHB Dusty Bryant 0-0: Called Strike
0-1: Ball
1-1: Ball
2-1: Called Strike
2-2: Ball
3-2: Strikes out looking
Top of the 4th over - 5 runs, 2 hits, 2 errors, 1 left on base; Helena 8 - Chicago (APP) 0
BOTTOM OF THE 4TH
Chicago (APP) Cubs batting - Pitching for Helena Brewers : RHP Matysh Ekmalyan
Batting: RHB Adrian Cox 0-0: Ball
1-0: Foul Ball, location: 2F
1-1: Ground out 4-3 (Groundball, 4S, EV 85.0 MPH)
Batting: RHB Dave de Wolff 0-0: Called Strike
0-1: Swinging Strike
0-2: Foul Ball, location: 2F
0-2: Strikes out swinging
Batting: RHB Mike Stein 0-0: Ball
1-0: Called Strike
1-1: Foul Ball, location: 2F
1-2: Foul Ball, location: 2F
1-2: Ground out 1-3 (Groundball, 15S, EV 68.1 MPH)
Bottom of the 4th over - 0 runs, 0 hits, 0 errors, 0 left on base; Helena 8 - Chicago (APP) 0
TOP OF THE 5TH
Helena Brewers batting - Pitching for Chicago (APP) Cubs : RHP Rob Craft
Batting: RHB Chris Fruit 0-0: Fly out, F9 (Flyball, 9D, EV 101.2 MPH)
Batting: LHB Jose Simental 0-0: Ball
1-0: Ball
2-0: Swinging Strike
2-1: Ball
3-1: TRIPLE (Flyball, 89XD, EV 105.6 MPH)
Batting: RHB Wiliama Dana 0-0: Ball
Passed Ball!
Jose Simental scores
1-0: Ball
2-0: SINGLE (Groundball, 25, EV 65.6 MPH) (infield hit)
Pitching: RHP Reginald Bamber
Batting: RHB Steve Errico 0-0: Foul Ball, location: 2F
0-1: Ball
1-1: SINGLE (Line Drive, 56, EV 100.6 MPH)
Wiliama Dana to second
Batting: LHB Greg Reedy 0-0: Foul Ball, location: 2F
0-1: Ball
1-1: Called Strike
1-2: Strikes out swinging
Batting: RHB Jeremy Harden 0-0: Ball
1-0: Foul Ball, location: 2F
1-1: Swinging Strike
1-2: Strikes out swinging
Top of the 5th over - 1 run, 3 hits, 0 errors, 2 left on base; Helena 9 - Chicago (APP) 0
BOTTOM OF THE 5TH
Chicago (APP) Cubs batting - Pitching for Helena Brewers : RHP Matysh Ekmalyan
Batting: RHB Dustin Goldsborough 0-0: Called Strike
0-1: Swinging Strike
0-2: Ball
1-2: Strikes out swinging
Batting: RHB Andy Baumhardt 0-0: Fly out, F8 (Flyball, 8RD, EV 105.0 MPH)
Batting: LHB Tom Mooney 0-0: Ball
1-0: Ball
2-0: Called Strike
2-1: Fly out, F6 (Popup, 15, EV 84.4 MPH)
Bottom of the 5th over - 0 runs, 0 hits, 0 errors, 0 left on base; Helena 9 - Chicago (APP) 0
TOP OF THE 6TH
Helena Brewers batting - Pitching for Chicago (APP) Cubs : RHP Reginald Bamber
Batting: LHB Steven Donovan 0-0: Ball
1-0: Ball
2-0: Ball
3-0: Called Strike
3-1: Base on Balls
Batting: RHB Tony Beaumond 0-0: Grounds into double play, 3-6-3 (Groundball, 34, EV 83.8 MPH)
Batting: LHB Dusty Bryant 0-0: Ball
1-0: Swinging Strike
1-1: Ball
2-1: Swinging Strike
2-2: Strikes out swinging
Top of the 6th over - 0 runs, 0 hits, 0 errors, 0 left on base; Helena 9 - Chicago (APP) 0
BOTTOM OF THE 6TH
Chicago (APP) Cubs batting - Pitching for Helena Brewers : RHP Matysh Ekmalyan
Batting: LHB Jerry Tyson 0-0: Ball
1-0: DOUBLE (Line Drive, 89D, EV 108.8 MPH)
Batting: RHB Roberto Cruz 0-0: Bunted foul
0-1: Sac Bunt to 13S - play at first, batter OUT! 1-4
Jerry Tyson to third
Batting: RHB Jorge Gonzalez 0-0: SINGLE (Line Drive, 9LM, EV 88.8 MPH)
Jerry Tyson scores
Batting: RHB Adrian Cox 0-0: Ball
Jorge Gonzalez is caught stealing 2nd base 2-4
1-0: Called Strike
1-1: Ball
2-1: Swinging Strike
2-2: Strikes out looking
Bottom of the 6th over - 1 run, 2 hits, 0 errors, 0 left on base; Helena 9 - Chicago (APP) 1
TOP OF THE 7TH
Helena Brewers batting - Pitching for Chicago (APP) Cubs : RHP Reginald Bamber
Pitching: RHP Brian Jarrett
Batting: RHB Chris Fruit 0-0: Ball
1-0: Ball
2-0: Ball
3-0: Called Strike
3-1: Swinging Strike
3-2: Base on Balls
Batting: LHB Jose Simental 0-0: Called Strike
0-1: Swinging Strike
0-2: Foul Ball, location: 2F
0-2: Ball
1-2: Fielders Choice at 2nd, 1-6 (Groundball, 13S, EV 73.1 MPH)
Batting: RHB Wiliama Dana 0-0: Ball
1-0: Grounds into double play, 1-6-3 (Groundball, 13, EV 70.6 MPH)
Top of the 7th over - 0 runs, 0 hits, 0 errors, 0 left on base; Helena 9 - Chicago (APP) 1
BOTTOM OF THE 7TH
Chicago (APP) Cubs batting - Pitching for Helena Brewers : RHP Matysh Ekmalyan
Batting: RHB Dave de Wolff 0-0: Called Strike
0-1: Swinging Strike
0-2: Ball
1-2: Foul Ball, location: 2F
1-2: Foul Ball, location: 2F
1-2: Strikes out swinging
Pitching: RHP Johnathan Starr
Batting: RHB Mike Stein 0-0: Called Strike
0-1: Foul Ball, location: 2F
0-2: Strikes out looking
Batting: RHB Dustin Goldsborough 0-0: Swinging Strike
0-1: Called Strike
0-2: Ball
1-2: Ball
2-2: SINGLE (Line Drive, 9LM, EV 107.5 MPH)
Batting: RHB Andy Baumhardt 0-0: Foul Ball, location: 2F
0-1: Ground out 5-3 (Groundball, 56S, EV 85.6 MPH)
Bottom of the 7th over - 0 runs, 1 hit, 0 errors, 1 left on base; Helena 9 - Chicago (APP) 1
TOP OF THE 8TH
Helena Brewers batting - Pitching for Chicago (APP) Cubs : RHP Brian Jarrett
Batting: RHB Steve Errico 0-0: DOUBLE (Line Drive, 8LXD, EV 99.4 MPH)
Batting: LHB Greg Reedy 0-0: Called Strike
0-1: Foul Ball, location: 2F
0-2: Ball
1-2: Ball
2-2: Hit by Pitch
Pitching: RHP Scott Hanson
Pinch Hitting: RHB Jesus Menjivar 0-0: Ball
1-0: Ball
2-0: Ball
3-0: Base on Balls
Steve Errico to third
Greg Reedy to second
Batting: LHB Steven Donovan 0-0: Ball
1-0: Called Strike
1-1: Ball
2-1: Ball
3-1: Base on Balls
Steve Errico scores
Greg Reedy to third
Jesus Menjivar to second
Pinch Hitting: RHB Drew Forbess 0-0: Ball
1-0: Called Strike
1-1: Called Strike
1-2: Ball
2-2: Foul Ball, location: 2F
2-2: Ball
3-2: Strikes out looking
Batting: LHB Dusty Bryant 0-0: Called Strike
0-1: Called Strike
0-2: Foul Ball, location: 2F
0-2: Ball
1-2: Foul Ball, location: 2F
1-2: SINGLE (Groundball, 34D, EV 98.8 MPH)
Greg Reedy scores
Jesus Menjivar to third
Steven Donovan to second
Runner from 3rd tries for Home, SAFE, throw by RF to home
Pitching: RHP Victor de Leon
Batting: RHB Chris Fruit 0-0: Ball
1-0: Ball
2-0: Ball
3-0: Called Strike
3-1: Base on Balls
Steven Donovan to third
Dusty Bryant to second
Batting: LHB Jose Simental 0-0: Foul Ball, location: 2F
0-1: Ball
Wild Pitch!
Steven Donovan scores
Dusty Bryant to third
Chris Fruit to second
1-1: Swinging Strike
1-2: Ball
2-2: Ball
Wild Pitch!
Dusty Bryant scores
Chris Fruit to third
3-2: Base on Balls
Batting: RHB Wiliama Dana 0-0: Swinging Strike
0-1: Called Strike
0-2: Strikes out swinging
Batting: RHB Steve Errico 0-0: Called Strike
0-1: Ball
1-1: Foul Ball, location: 2F
1-2: Foul Ball, location: 2F
1-2: Ball
2-2: Hit by Pitch
Jose Simental to second
Pitching: RHP Carsten Kosters
Batting: LHB Greg Reedy 0-0: Called Strike
0-1: Foul Ball, location: 2F
0-2: Ball
1-2: Ground out 4-3 (Groundball, 4, EV 86.2 MPH)
Top of the 8th over - 5 runs, 2 hits, 0 errors, 3 left on base; Helena 14 - Chicago (APP) 1
BOTTOM OF THE 8TH
Chicago (APP) Cubs batting - Pitching for Helena Brewers : RHP Johnathan Starr
Now at 3B: Drew Forbess
Now in CF: Jesus Menjivar
Batting: LHB Tom Mooney 0-0: Ground out 4-3 (Groundball, 34, EV 100.0 MPH)
Batting: LHB Jerry Tyson 0-0: Called Strike
0-1: Called Strike
0-2: Foul Ball, location: 2F
0-2: Ball
1-2: Ball
2-2: Foul Ball, location: 2F
2-2: Ball
3-2: Strikes out looking
Batting: RHB Roberto Cruz 0-0: Fly out, F6 (Popup, 6M, EV 61.9 MPH)
Bottom of the 8th over - 0 runs, 0 hits, 0 errors, 0 left on base; Helena 14 - Chicago (APP) 1
TOP OF THE 9TH
Helena Brewers batting - Pitching for Chicago (APP) Cubs : RHP Carsten Kosters
Batting: RHB Jesus Menjivar 0-0: Swinging Strike
0-1: Ball
1-1: Ball
2-1: Ball
3-1: Base on Balls
Batting: LHB Steven Donovan 0-0: Swinging Strike
0-1: Swinging Strike
0-2: Foul Ball, location: 2F
0-2: Ball
1-2: Ball
2-2: Foul Ball, location: 2F
2-2: Strikes out swinging
Batting: RHB Drew Forbess 0-0: Ball
1-0: Ball
2-0: Called Strike
2-1: Foul Ball, location: 2F
2-2: Ball
3-2: Strikes out swinging
Jesus Menjivar steals 2nd base
Batter strikes out.
Pitching: RHP Dwight Bean
Batting: LHB Dusty Bryant 0-0: Called Strike
0-1: Ball
1-1: Foul Ball, location: 2F
1-2: Strikes out looking
Top of the 9th over - 0 runs, 0 hits, 0 errors, 1 left on base; Helena 14 - Chicago (APP) 1
BOTTOM OF THE 9TH
Chicago (APP) Cubs batting - Pitching for Helena Brewers : RHP Johnathan Starr
Batting: RHB Jorge Gonzalez 0-0: Ball
1-0: Foul Ball, location: 2F
1-1: Swinging Strike
1-2: Strikes out looking
Batting: RHB Adrian Cox 0-0: Ball
1-0: Fly out, F8 (Flyball, 8RM, EV 96.9 MPH)
Batting: RHB Dave de Wolff 0-0: Called Strike
0-1: Ball
1-1: Foul Ball, location: 2F
1-2: Strikes out swinging
Bottom of the 9th over - 0 runs, 0 hits, 0 errors, 0 left on base; Helena 14 - Chicago (APP) 1
Thursday, December 15th , 2022 - OOTP Baseball 23.9 Build 102